 Dungeon Crawl Stone Soup version 0.23-b1-75-g379dba2534 (webtiles) character file.

Game seed: 303144211511110563

49 carl the Slasher (level 3, -3/27 HPs)
             Began as a Demonspawn Gladiator on Feb 6, 2019.
             Splashed by Ijyb's acid (14 damage)
             ... on level 3 of the Dungeon.
             The game lasted 00:01:19 (2083 turns).

carl the Slasher (Demonspawn Gladiator)             Turns: 2083, Time: 00:01:19

Health: -3/27      AC:  0    Str: 14    XL:     3   Next: 53%
Magic:  3/3        EV: 18    Int:  9    God:
Gold:   110        SH:  0    Dex: 20    Spells: 2/2 levels left

rFire    . . .     SeeInvis .   a - +0 long sword
rCold    . . .     Gourm    .   (no shield)
rNeg     . . .     Faith    .   b - +0 leather armour
rPois    .         Spirit   .   c - +0 helmet
rElec    .         Reflect  .   (no cloak)
rCorr    .         Harm     .   (no gloves)
MR       .....                  (no boots)
Stlth    +++.......             (no amulet)
HPRegen  0.09/turn              (no ring)
MPRegen  0.08/turn              (no ring)

@: agile, corroded
A: powered by pain 2
a: no special abilities


You were on level 3 of the Dungeon.
You were not hungry.

You visited 1 branch of the dungeon, and saw 3 of its levels.

You collected 110 gold pieces.

Inventory:

Hand Weapons
 a - a +0 long sword (weapon)
Missiles
 d - a throwing net (quivered)
Armour
 b - a +0 leather armour (worn)
 c - a +0 helmet (worn)
Jewellery
 l - an uncursed amulet of rage {unknown}
Scrolls
 e - a scroll of enchant armour {unknown}
 g - a scroll of fog {unknown}
 j - 3 scrolls of random uselessness {unknown}
 m - a scroll of identify {unknown}
 n - a scroll of amnesia {unknown}
Potions
 h - 2 potions of heal wounds {unknown}
 k - a potion of resistance {unknown}
 o - a potion of might {unknown}
 p - a potion of curing {unknown}
Comestibles
 f - 5 rations
 i - 4 chunks of flesh


   Skills:
 - Level 2.0 Fighting
 + Level 4.2 Long Blades
 - Level 1.7 Throwing
 - Level 2.6 Dodging


You had 2 spell levels left.
You didn't know any spells.
Your spell library was empty.

Dungeon Overview and Level Annotations

Branches:
Dungeon (3/15)

Altars:
Wu Jian

Annotations:
D:3 Ijyb


Innate Abilities, Weirdness & Mutations

You sometimes gain power by taking damage.


Message History

The throwing net completely misses Ijyb.
The throwing net barely misses the goblin.
The throwing net hits the adder.
The adder is caught in the net!
The adder struggles against the net. x2
Throwing (i - inventory)
d - 2 throwing nets (quivered)
Press: ? - help, Shift-Dir - straight line, f/p - Ijyb
Aim: Ijyb, wielding a +0 club, wearing a +0 ring mail and carrying a wand of acid (8)
You throw a throwing net. The throwing net closely misses Ijyb.
The throwing net hits the goblin.
The goblin is caught in the net!
The goblin struggles against the net.
Ijyb hits you but does no damage.
The adder struggles against the net.
You barely miss Ijyb.
The goblin struggles against the net.
The adder struggles against the net.
Ijyb zaps a wand.
The bolt of acid hits you!
Ouch! That really hurt!
You focus on the pain.
You feel agile all of a sudden. The acid corrodes you!
You are splashed with acid!
Ouch! That really hurt!
You die...

.)......+..........
........# #.!.#..
.......## #..#.#
#.....## ##.#.###.#
##...## #.......#
##+## ###S#####
###.# #g# .##.# #g#
.##.## #@# .#..(##
#.#
......##########.#
.#...###.........#
.........#########
.######### ##


You could see Ijyb, an adder (caught) and a goblin (caught).

Vanquished Creatures
  3 dart slugs
  6 orcs (D:3)
  2 giant cockroaches
  5 goblins
  4 hobgoblins
  5 kobolds
  A ball python (D:1)
  3 bats
  2 frilled lizards
  4 rats
35 creatures vanquished.

Notes
Turn   | Place    | Note
-------+----------+-------------------------------------------
     0 | D:1      | carl the Demonspawn Gladiator began the quest for the Orb.
     0 | D:1      | Reached XP level 1. HP: 16/16 MP: 1/1
   200 | D:1      | Reached skill level 3 in Long Blades
   403 | D:1      | Gained mutation: You sometimes gain a little power by
                  | taking damage. [demonic ancestry]
   403 | D:1      | Reached XP level 2. HP: 22/22 MP: 2/2
  1109 | D:3      | Gained mutation: You sometimes gain power by taking damage.
                  | [demonic ancestry]
  1109 | D:3      | Reached XP level 3. HP: 11/27 MP: 3/3
  1400 | D:3      | Reached skill level 4 in Long Blades
  1630 | D:3      | Found an ornate altar of the Wu Jian Council.
  2069 | D:3      | Noticed Ijyb
  2083 | D:3      | Splashed by Ijyb's acid

Skill      XL: |  1  2  3 |
---------------+----------+-----
Long Blades    | 3 4 |  4.2
Fighting       | |  2.0
Throwing       | |  1.7
Dodging        | |  2.6

Action                   || total
-------------------------++-------
Melee: Long sword        ||    94
Throw: Throwing net      ||     3
 Stab: Sleeping          ||     2
  Eat: Chunk             ||     4
Armor: Leather armour    ||    26
Dodge: Dodged            ||    68
       Rpst.: Long sword ||    15
